 Dungeon Sprint DCSS version 0.21-a0-400-g417d9d2 (webtiles) character file.

175 Amnesiac the Slicer (level 5, 33/35 HPs)
             Began as a Demonspawn Earth Elementalist on Oct 20, 2017.
             Quit the game in the Dungeon (Sprint I: "Red Sonja").
             The game lasted 00:00:59 (142 turns).

Amnesiac the Slicer (Demonspawn Earth Elementalist)  Turns: 142, Time: 00:00:59

Health: 33/35      AC:  4    Str:  8    XL:     5   Next: 29%
Magic:  0/8        EV: 12    Int: 17    God:
Gold:   108        SH:  0    Dex: 14    Spells: 5/8 levels left

rFire    . . .     SeeInvis .   i - +0 dagger
rCold    . . .     Gourm    .   (no shield)
rNeg     . . .     Faith    .   c - +0 robe
rPois    .         Spirit   .   (no helmet)
rElec    .         Reflect  .   (no cloak)
rCorr    .         Harm     .   (no gloves)
MR       .....     NoTele   +   (no boots)
Stlth    +++.......             (no amulet)
HPRegen  0.11/turn              (no ring)
MPRegen  0.11/turn              (no ring)

@: no status effects
A: hooves 2, thin metallic scales 1
a: no special abilities


You were in the Dungeon.
You were not hungry.

You visited 1 branch You collected 108 gold pieces.

Inventory:

Hand Weapons
 i - a +0 dagger (weapon)
Missiles
 b - 26 stones (quivered)
Armour
 c - a +0 robe (worn)
Wands
 a - a wand of digging (11/24)
Scrolls
 j - a scroll of blinking {!r}
Potions
 e - a potion of curing {!q}
 f - a potion of heal wounds {!q}
 g - a potion of haste {!q}
 h - 2 potions of magic {!q}
Books
 k - a book of Geomancy

   Spells                             Type                      Level
   a - Sandblast                      Earth                        1
   b - Passwall                       Transmutation/Earth          2
   c - Stone Arrow                    Conjuration/Earth            3
   d - Petrify                        Transmutation/Earth          4
   e - Lee's Rapid Deconstruction     Earth                        5
Comestibles
 d - a bread ration
 l - 2 chunks of flesh


   Skills:
 + Level 8.3 Short Blades
 - Level 1.7 Dodging
 - Level 6.1 Stealth
 - Level 2.0 Spellcasting
 - Level 0.8 Transmutations
 - Level 2.6 Earth Magic


You had 5 spell levels left.
You knew the following spells:

 Your Spells              Type           Power        Failure   Level  Hunger
a - Sandblast             Erth           ##....       6%          1    #......
b - Passwall              Tmut/Erth      #.........   14%         2    ###....


Dungeon Overview and Level Annotations

Branches:
Dungeon (1/1)

Altars:


Innate Abilities, Weirdness & Mutations

You have hoof-like feet.
You are partially covered in thin metallic scales. (AC +2)


Message History

Unknown command.
Casting: Passwall
Confirm with . or Enter, or press ? or * to list all spells.
Which direction?
You begin to meditate on the wall.
You continue meditating on the rock. x2
You finish merging with the rock.
There is an open door, spattered with blood here.
You see here a leather armour.
You start resting.
Your magical contamination has completely faded away.
You start resting.
Magic restored.
You start resting.
Magic restored.
Casting: Passwall
Confirm with . or Enter, or press ? or * to list all spells.
Which direction?
You begin to meditate on the wall.
You continue meditating on the rock. x2
You finish merging with the rock.
Found 54 gold pieces.
You now have 81 gold pieces (gained 27).
You now have 108 gold pieces (gained 27).
You start resting.
Magic restored.
Casting: Passwall
Confirm with . or Enter, or press ? or * to list all spells.
Which direction?
You begin to meditate on the wall.
You continue meditating on the rock. x2
You finish merging with the rock.
Sigmund the Dreaded comes into view.
He is wielding a scythe.
The helpless Sigmund fails to defend himself.
You puncture Sigmund!
Sigmund is severely wounded.
Sigmund points at you and mumbles some strange words.
The magic dart hits you!
Casting: Passwall
Confirm with . or Enter, or press ? or * to list all spells.
Aiming: Sandblast
Press: ? - help, Shift-Dir - straight line, f - Sigmund
Aim: Sigmund, wielding a scythe and wearing a robe (severely wounded)
The blast of sand hits Sigmund.
Sigmund is almost dead.
b - 27 stones Sigmund barely misses you.
Casting: Sandblast
Confirm with . or Enter, or press ? or * to list all spells.
Aiming: Sandblast
Press: ? - help, Shift-Dir - straight line, f/p - Sigmund
Aim: Sigmund, wielding a scythe and wearing a robe (almost dead)
The blast of sand hits Sigmund.
You kill Sigmund!
Your Short Blades skill gained 8 levels and is now at level 8!
You have reached level 3!
Your experience leads to an increase in your attributes!
Increase (S)trength, (I)ntelligence, or (D)exterity?
You feel agile.
You have reached level 4!
You feel clever.
Your demonic ancestry asserts itself...
Your feet thicken and deform.
You have reached level 5!
Your demonic ancestry asserts itself...
Your feet thicken and deform.
b - 26 stones Are you sure you want to abandon this character and quit the game? (Confirm with "yes".)

####### ####
#<.#..+ #.)+
#..[..# +@.#
#..#####+####
#..# #..#
#..# ####
#..# #⌠⌠#
#### #..#
####


There were no monsters in sight!

Vanquished Creatures
  Sigmund (D)
  Ijyb (D)
2 creatures vanquished.

Notes
Turn   | Place    | Note
-------+----------+-------------------------------------------
     0 | D        | Amnesiac the Demonspawn Earth Elementalist began the quest for the Orb.
     0 | D        | Reached XP level 1. HP: 13/13 MP: 3/3
     1 | D        | Noticed Ijyb
    11 | D        | Killed Ijyb
    11 | D        | Gained mutation: You are partially covered in thin metallic scales. (AC +2) [demonic ancestry]
    11 | D        | Reached XP level 2. HP: 19/19 MP: 1/5
    58 | D        | Learned a level 2 spell: Passwall
   139 | D        | Noticed Sigmund
   141 | D        | Killed Sigmund
   141 | D        | Reached skill level 8 in Short Blades
   141 | D        | Reached XP level 3. HP: 22/24 MP: 0/6
   141 | D        | Gained mutation: You have large cloven feet. [demonic ancestry]
   141 | D        | Reached XP level 4. HP: 28/30 MP: 0/7
   141 | D        | Gained mutation: You have hoof-like feet. [demonic ancestry]
   141 | D        | Reached XP level 5. HP: 33/35 MP: 0/8
   142 | D        | Quit the game

Vault maps used:
D:        dungeon_sprint_1

Skill      XL: |  1  2 |
---------------+-------+-----
Stealth        | 6 |  6.1
Short Blades   | 8 |  8.3
Dodging        | |  1.7
Spellcasting   | |  2.0
Transmutations | |  0.8
Earth Magic    | |  2.6

Action                   |  1- 3 |  4- 6 || total
-------------------------+-------+-------++-------
Melee: Unarmed           |     7 |       ||     7
       Dagger            |     1 |       ||     1
 Cast: Sandblast         |     3 |     1 ||     4
       Passwall          |     4 |       ||     4
  Use: Potion            |     1 |       ||     1
 Stab: Sleeping          |     1 |       ||     1
Dodge: Dodged            |     1 |       ||     1

Table legend:
 A = Spawn XP
 B = Non-spawn XP
 C = Spawn XP percentage of total XP
 D = Spawn monster count
 E = Non-spawn monster count
 F = Spawn count percentage of total count
 G = Total turns spent on level
                    A         B        C        D         E        F      G
               +---------+---------+-------+---------+---------+-------+---------
         Total |       0 |     250 |   0.0 |       0 |       2 |   0.0 |   142
               +---------+---------+-------+---------+---------+-------+---------
             D |       0 |     250 |   0.0 |       0 |       2 |   0.0 |   142
               +---------+---------+-------+---------+---------+-------+---------
